 Dungeon Crawl Stone Soup version 0.26-a0-667-g92642533e4 (console) character file.

Game seed: 7417520122755536860

270 om the Chopper (level 6, 0/52 HPs)
             Began as a Minotaur Monk on Oct 16, 2020.
             Was a Believer of Qazlal.
             Slain by an orc
             ... wielding a +0 club
              (5 damage)
             ... on level 5 of the Dungeon.
             The game lasted 00:05:18 (4883 turns).

om the Chopper (Minotaur Monk)                      Turns: 4883, Time: 00:05:19

Health: 0/52       AC:  6    Str: 17    XL:     6   Next: 1%
Magic:  5/5        EV: 10    Int:  7    God:    Qazlal [**....]
Gold:   192        SH:  2    Dex:  9    Spells: 5/5 levels left

rFire    . . .     SeeInvis .   s - +3 hand axe (drain)
rCold    . . .     Faith    .   (no shield)
rNeg     . . .     Spirit   .   g - +0 scale mail
rPois    .         Reflect  .   (helmet restricted)
rElec    .         Harm     .   (no cloak)
rCorr    .         Rampage  .   (no gloves)
MR       .....                  (no boots)
Stlth    ..........             (no amulet)
HPRegen  0.17/turn              f - -4 ring of dexterity (curse)
MPRegen  0.09/turn              (no ring)

@: stab, drained
A: retaliatory headbutt, horns 2
a: Upheaval, Renounce Religion


You were on level 5 of the Dungeon.
You worshipped Qazlal.
Qazlal was pleased with you.
You visited 2 branches of the dungeon, and saw 6 of its levels.

You collected 192 gold pieces.

Inventory:

Hand Weapons
 a - a +0 hand axe
 s - a +3 hand axe of draining (weapon)
Armour
 b - a +0 robe
 g - a +0 scale mail (worn)
Jewellery
 f - a cursed -4 ring of dexterity (left hand)
 u - an uncursed ring of fire {unknown}
Scrolls
 c - 12 scrolls of identify {unknown}
 d - a scroll of amnesia {unknown}
 i - 2 scrolls of teleportation {unknown}
 j - a scroll of enchant weapon {unknown}
 l - a scroll of fear {unknown}
 o - 2 scrolls of enchant armour {unknown}
 t - 2 scrolls of immolation {unknown}
 w - a scroll of magic mapping {unknown}
 x - a scroll of noise {unknown}
Potions
 e - a potion of berserk rage {unknown}
 h - 2 potions of cancellation {unknown}
 k - 2 potions of invisibility {unknown}
 m - 2 potions of stabbing
 n - a potion of resistance {unknown}
 p - 3 potions of lignification {unknown}
 q - 2 potions of flight {unknown}
 r - 2 potions of curing {unknown}
 v - 2 potions of heal wounds {unknown}


   Skills:
 - Level 4.0(3.1) Fighting
 * Level 5.5(4.6) Axes
 * Level 4.0(3.2) Armour
 + Level 4.2(3.3) Dodging
 - Level 2.0(1.2) Stealth
 * Level 1.0(0.3) Invocations


You had 5 spell levels left.
You didn't know any spells.
Your spell library was empty.

Dungeon Overview and Level Annotations

Branches:
Dungeon (5/15)             Temple (1/1) D:4

Altars:
Ashenzari
Cheibriados
Dithmenos
Elyvilon
Fedhas
Gozag
Hepliaklqana
Kikubaaqudgha
Makhleb
Okawaru
Qazlal
Ru
Sif Muna
Trog
Uskayaw
Vehumet
Wu Jian
Xom
Yredelemnul
Zin


Innate Abilities, Weirdness & Mutations

You reflexively headbutt those who attack you in melee.
You have a pair of horns on your head.


Message History

An orc comes into view. It is wielding a +0 mace.
An orc comes into view. It is wielding a +0 whip.
A worker ant zombie comes into view.
You slash the orc!
You kill the orc!
Qazlal accepts your kill.
An orc comes into view.
Items here: ! ( ) [ †.
You closely miss the orc. The orc barely misses you.
You closely miss the orc. Your headbutt misses the orc.
You barely miss the orc. x2; The orc barely misses you.
The orc hits you but does no damage.
The orc zaps a wand.
The bolt of acid hits you!
You are splashed with acid!
* * * LOW HITPOINT WARNING * * *
You are too injured to fight recklessly!
You are too injured to fight recklessly!
It was a potion of stabbing.
You feel ready to backstab. The orc hits you with a +0 whip.
* * * LOW HITPOINT WARNING * * *
The orc hits you but does no damage. The orc hits you with a +0 club.
You die...

##...#####...##
#.....#........
#............. ..
................. .
..[........##.....# #.
............#.....#.
##.. #..Z.oo.....#......
....##...oo@○....#.....
.##...................#.
..=.......>........##...
#...)........(#........
#.....((..!...>...#....
#..c..<(...............
#.....(....##....#.....
..[...............#.....
.............###.......#


You could see a centaur (wandering), 4 orcs and a worker ant zombie.

Vanquished Creatures
  A hound (D:5)
  2 worker ants (D:5)
  A hound zombie (D:5)
  A gnoll (D:1)
  8 adders
  A white imp (D:5)
  A worm (D:3)
  5 dart slugs
  4 leopard geckos
  6 orcs
  5 bats
  A giant cockroach (D:2)
  5 goblins
  9 hobgoblins
  5 jackals (D:1)
  7 kobolds
  3 quokkas
  A ball python (D:1)
  6 frilled lizards
  5 rats
77 creatures vanquished.

Notes
Turn   | Place    | Note
-------+----------+-------------------------------------------
     0 | D:1      | om the Minotaur Monk began the quest for the Orb.
     0 | D:1      | Reached XP level 1. HP: 19/19 MP: 0/0
   194 | D:1      | Reached skill level 1 in Armour
   195 | D:1      | Reached XP level 2. HP: 26/27 MP: 1/1
   446 | D:1      | Reached skill level 4 in Axes
   569 | D:1      | Reached XP level 3. HP: 30/33 MP: 2/2
   919 | D:2      | Found a broken altar of Ashenzari.
  1796 | D:2      | Reached XP level 4. HP: 35/40 MP: 3/3
  2701 | D:3      | Found a faded altar of an unknown god.
  2717 | D:3      | Reached skill level 5 in Axes
  2717 | D:3      | Reached XP level 5. HP: 43/46 MP: 4/4
  3637 | D:4      | Found an opulent altar of Gozag.
  3881 | D:4      | Found a staircase to the Ecumenical Temple.
  3890 | Temple   | Entered the Ecumenical Temple
  4003 | Temple   | Became a worshipper of Qazlal Stormbringer
  4003 | Temple   | Reached * piety under Qazlal
  4003 | Temple   | Reached ** piety under Qazlal
  4090 | D:5      | Entered Level 5 of the Dungeon
  4091 | D:5      | Noticed a centaur
  4686 | D:5      | Reached skill level 1 in Invocations
  4812 | D:5      | Reached XP level 6. HP: 30/52 MP: 5/5
  4883 | D:5      | Slain by an orc

Illustrated notes

Levels and vault maps discovered:
D:1:      dpeg_arrival_rhombus, layout_basic
D:2:      kennysheep_big_flooded_room, layout_loops_corners,
          ashenzari_conservatory_becter, serial_rivers,
          chequers_serial_rivers_micro_b, chequers_serial_rivers_large_a,
          chequers_serial_rivers_micro_c, chequers_serial_rivers_small_a
D:3:      layout_loops_ring, chequers_ecumenical_altar_simple_redux
D:4:      layout_rooms, grunt_gozag_statues, lemuel_temple_firewalk_b
D:5:      layout_cave_pools, minitemple
Temple:   compressed_dpeg_circular_temple

Skill      XL: |  1  2  3  4  5 |
---------------+----------------+-----
Armour         | 1 2 3 4 |  4.0
Axes           | 4 5 |  5.5
Stealth        | 2 |  2.0
Fighting       | 4 |  4.0
Dodging        | 4 |  4.2
Invocations    | 1 |  1.0

Action                   |  1- 3 |  4- 6 || total
-------------------------+-------+-------++-------
Melee: Hand axe          |   109 |    99 ||   208
       Headbutt          |    12 |    11 ||    23
  Use: Potion            |       |     1 ||     1
Armor: Robe              |     6 |       ||     6
       Scale mail        |    41 |    33 ||    74
Dodge: Dodged            |    77 |    51 ||   128
Block: Other             |       |     2 ||     2

Table legend: (Time is in decaauts)
 A = Elapsed time spent in this place.
 B = Non-inter-level travel time spent in this place.
 C = Inter-level travel time spent in this place.
 D = Time resting spent in this place.
 E = Time spent auto-exploring this place.
 F = Levels seen in this place.
 G = Mean time per level.
                   A        B        C        D        E       F      G
               +--------+--------+--------+--------+--------+-----+--------+
         Total |   4920 |   4751 |    169 |   1583 |   2598 |   6 |  820.0 |
       Dungeon |   4794 |   4664 |    130 |   1583 |   2512 |   5 |  958.8 |
        Temple |    125 |     87 |     38 |      0 |     86 |   1 |  125.0 |
               +--------+--------+--------+--------+--------+-----+--------+

Top non-repeatable levels by time:
     D:3: 1269 daAuts
     D:2: 1239 daAuts
     D:4: 913 daAuts
     D:1: 867 daAuts
     D:5: 504 daAuts
  Temple: 125 daAuts
